AoeStats
← Spatana2177

Arena

504570759Analyzed
4v4 RM · 28d ago on Sep 5, 2026· 38m 34s· 8 players
Game mode
Random Map
Map size
Large (8 player)
Population
200
Speed
Normal
Resources
Standard
Victory
Conquest
Starting age
Dark Age
Ending age
Imperial Age
RankedLock teamsTeams togetherTeam positionsShared explorationLock speedFull tech treeHidden civsTurbo modeCheats
Victory
Defeat
🇩🇪 Saracens · Germany
1355
+11
🇩🇪 Berbers · Germany
1290
+14
🇩🇪 Italians · Germany
1242
+16
🇩🇪 Bohemians · Germany
1233
+16
🇲🇽 Britons · Mexico
1259
-15
🇺🇸 Cumans · United States
1249
-15
🇺🇸 Poles · United States
1247
-14
🇩🇪 Bohemians · Germany
1209
-13
Das Frettchen
10:28 Feudal Age
14:09 Castle Age
12:28 Double-Bit Axe
13:38 Horse Collar
15:44 Wheelbarrow
17:02 Bow Saw
21:30 Hand Cart
23:39 Loom
24:08 Heavy Plow
28:29 Imperial Age
26:36 Fletching
27:47 Chemistry
27:48 Caravan
27:43 Town Watch
29:20 Siege Engineers
30:17 Bodkin Arrow
30:22 Padded Archer Armor
30:47 Wagenburg Tactics
31:03 Conscription
31:47 Guilds
31:16 Elite Hussite Wagon
32:04 Squires
31:25 Pikeman
33:48 Man-at-Arms
33:48 Halberdier
34:31 Scale Mail Armor
34:12 Houfnice
35:41 Chain Mail Armor
36:01 Bracer
36:37 Treadmill Crane
37:07 Masonry
36:26 Long Swordsman
37:39 Plate Mail Armor
38:19 Two-Handed Swordsman
APPM
10:43 Feudal Age
14:47 Castle Age
13:12 Double-Bit Axe
13:11 Horse Collar
15:28 Heavy Plow
21:54 Wheelbarrow
24:33 Szlachta Privileges
24:35 Scale Barding Armor
24:26 Gold Mining
25:45 Chain Barding Armor
26:01 Bloodlines
25:52 Husbandry
25:53 Loom
27:23 Forging
30:32 Imperial Age
28:22 Fletching
30:08 Bodkin Arrow
30:49 Iron Casting
30:45 Cavalier
31:28 Bracer
32:08 Cavalier
36:52 Light Cavalry
38:33 Conscription
El Fantasma de Pancho Villa
13:22 Feudal Age
14:39 Double-Bit Axe
15:28 Man-at-Arms
19:56 Scale Mail Armor
20:06 Forging
Morfeo
10:02 Feudal Age
12:42 Loom
15:05 Castle Age
13:20 Double-Bit Axe
14:34 Wheelbarrow
13:55 Horse Collar
16:00 Bow Saw
18:27 Fletching
20:36 Bodkin Arrow
23:22 Loom
26:53 Padded Archer Armor
29:22 Town Watch
30:09 Stone Mining
34:10 Imperial Age
32:31 Ballistics
32:32 Gold Mining
33:39 Hand Cart
33:54 Leather Archer Armor
35:03 Bracer
36:04 Chemistry
35:41 Yeomen
36:16 Masonry
37:22 Ring Archer Armor
Spatana2177
10:24 Feudal Age
14:39 Castle Age
12:37 Double-Bit Axe
12:55 Horse Collar
15:55 Bow Saw
16:51 Fervor
18:20 Sanctity
18:57 Loom
22:59 Wheelbarrow
27:04 Imperial Age
24:42 Scale Mail Armor
25:16 Forging
26:38 Chemistry
26:00 Ballistics
25:53 Squires
25:39 Arson
25:18 Pikeman
27:10 Chain Mail Armor
27:31 Iron Casting
27:15 Treadmill Crane
27:34 Murder Holes
28:26 Plate Mail Armor
27:47 Fletching
31:18 Houfnice
32:32 Fortified Wall
32:39 Masonry
34:21 Blast Furnace
34:33 Halberdier
KIV.Käpsele
9:58 Feudal Age
10:51 Double-Bit Axe
11:24 Fletching
18:32 Castle Age
17:30 Horse Collar
18:41 Gold Mining
19:17 Bodkin Arrow
18:59 Crossbowman
23:00 Ballistics
29:49 Imperial Age
27:31 Stone Mining
27:56 Padded Archer Armor
29:51 Leather Archer Armor
31:51 Ring Archer Armor
32:28 Bow Saw
32:55 Bracer
35:29 Wheelbarrow
36:21 Chemistry
37:02 Conscription
38:33 Elite Genitour
Zufällig
10:51 Feudal Age
12:57 Loom
15:20 Castle Age
13:18 Double-Bit Axe
15:21 Horse Collar
22:25 Bloodlines
22:16 Husbandry
24:22 Wheelbarrow
23:33 Loom
24:34 Bow Saw
24:50 Gold Mining
25:46 Forging
25:41 Scale Barding Armor
26:08 Scale Barding Armor
27:02 Hand Cart
27:04 Heavy Plow
28:17 Gold Shaft Mining
30:56 Chain Barding Armor
31:12 Iron Casting
33:54 Imperial Age
32:39 Redemption
34:17 Cavalier
34:17 Heavy Camel Rider
34:55 Stone Mining
35:37 Crop Rotation
34:58 Heavy Camel Rider
37:30 Blast Furnace
37:10 Plate Barding Armor
36:54 Scale Mail Armor
36:45 Fletching
37:36 Squires
37:22 Arson
37:38 Padded Archer Armor
38:02 Conscription
37:50 Kasbah
40:11 Chemistry
39:23 Masonry
38:53 Treadmill Crane
KIV.Master Dj
11:49 Feudal Age
11:22 Loom
13:20 Loom
15:57 Castle Age
13:53 Double-Bit Axe
14:24 Stone Mining
18:09 Wheelbarrow
17:28 Fletching
27:48 Horse Collar
28:14 Bodkin Arrow
29:27 Gold Mining
31:05 Ballistics
31:41 Padded Archer Armor
35:09 Imperial Age
33:17 Treadmill Crane
33:33 Murder Holes
35:25 Stone Shaft Mining
36:59 Chemistry
36:17 Hand Cart
36:27 Conscription
37:30 Bow Saw
37:56 Bracer
38:11 Leather Archer Armor
39:17 Conscription
Connection lost

Rejoining the realm…

Still unreachable

The connection could not be restored.

Session expired

The server has moved on; the page needs a fresh start.